 Dungeon Crawl Stone Soup version 0.22-a0-422-g9628fc8 (webtiles) character file.

231 KristoblXynda the Gusty (level 5, 0/38 HPs)
             Began as a Draconian Air Elementalist on May 16, 2018.
             Slain by a wight
             ... wielding a +3 trident
              (3 damage)
             ... on level 3 of the Dungeon.
             The game lasted 00:06:15 (2217 turns).

KristoblXynda the Gusty (DrAE)                      Turns: 2217, Time: 00:06:15

Health: 0/38       AC:  5    Str: 10    XL:     5   Next: 73%
Magic:  10/10      EV: 11    Int: 16    God:
Gold:   107        SH:  0    Dex: 12    Spells: 8/11 levels left

rFire    x . .     SeeInvis .   a - +2 whip (venom)
rCold    + . .     Gourm    .   (no shield)
rNeg     . . .     Faith    .   (armour unavailable)
rPois    .         Spirit   .   (helmet restricted)
rElec    .         Reflect  .   (no cloak)
rCorr    .         Harm     .   (no gloves)
MR       .....                  (no boots)
Stlth    +.........             (no amulet)
HPRegen  0.12/turn              f - ring of ice (curse)
MPRegen  0.12/turn              (no ring)

@: heavily drained
A: unfitting armour, cold-blooded, AC +5
a: no special abilities


You were on level 3 of the Dungeon.
You were hungry.

You visited 1 branch of the dungeon, and saw 3 of its levels.

You collected 107 gold pieces.

Inventory:

Hand Weapons
 a - a +2 whip of venom (weapon)
Jewellery
 f - a cursed ring of ice (left hand)
Wands
 i - a wand of digging (11)
Scrolls
 c - a scroll of immolation {unknown}
 e - a scroll of remove curse {unknown}
 j - a scroll of enchant weapon {unknown}
 l - a scroll of teleportation {unknown}
Potions
 g - a potion of agility {unknown}
 h - a potion of heal wounds
 k - 2 potions of flight
Comestibles
 b - 4 rations


   Skills:
 - Level 1.7(0.7) Dodging
 - Level 1.7(0.7) Stealth
 + Level 3.6(2.4) Spellcasting
 + Level 3.3(2.2) Conjurations
 + Level 4.4(3.2) Air Magic


You had 8 spell levels left.
You knew the following spells:

 Your Spells              Type           Power        Failure   Level  Hunger
a - Shock                 Conj/Air       ##..         6%          1    #......
b - Swiftness             Chrm/Air       #.......     16%         2    ###....

Your spell library contained the following spells:

 Spells                   Type           Power        Failure   Level  Hunger
 Lightning Bolt           Conj/Air       ##........   87%         5    ######.
 Airstrike                Air            ##........   45%         4    #####..
 Static Discharge         Conj/Air       ##......     19%         3    ###....


Dungeon Overview and Level Annotations

Branches:
Dungeon (3/15)

Altars:

Annotations:
D:3 Sigmund; galech's ghost, amateur GnWn


Innate Abilities, Weirdness & Mutations

Your plain brown scales are hard. (AC +5)
You cannot fit into any form of body armour.
You are cold-blooded and may be slowed by cold attacks.


Message History

You barely miss the wight. The wight hits you but does no damage.
You hit the wight but do no damage.
The wight hits you with an enchanted trident.
You hit the wight.
You tail-slap the wight, but do no damage.
The wight is moderately damaged.
The wight hits you with an enchanted trident!
You barely miss the wight.
Your tail-slap misses the wight.
The wight is moderately damaged.
The wight misses you.
You hit the wight but do no damage.
The wight is moderately damaged.
The wight hits you with an enchanted trident.
You feel drained.
You hit the wight but do no damage.
Your tail-slap misses the wight.
The wight is moderately damaged.
The wight hits you with an enchanted trident!
* * * LOW HITPOINT WARNING * * *
You feel drained.
You die...

#.z# #z.# #..# #..#
#..###'# #..'K.
##################..#
#........(....@zKz..#
#.#########.#######.#
#.# #.# #..# #.#
#.######..# #.#
#....>....# #.#
#########.# #.# ....
#.# ##### ###.#


You could see 2 wights and a kobold.

Vanquished Creatures
  Jessica (D:2)
  Natasha (thrice) (D:2)
  Terence (D:2)
  2 adders (D:2)
  2 gnolls (D:3)
  An ooze (D:1)
  A dart slug (D:1)
  A leopard gecko (D:3)
  A giant cockroach (D:1)
  8 goblins
  10 hobgoblins
  4 jackals
  2 quokkas (D:2)
  9 bats
  3 frilled lizards
  7 kobolds
  7 rats
63 creatures vanquished.

Notes
Turn   | Place    | Note
-------+----------+-------------------------------------------
     0 | D:1      | KristoblXynda the Draconian Air Elementalist began the quest for the Orb.
     0 | D:1      | Reached XP level 1. HP: 14/14 MP: 3/3
   417 | D:1      | Reached XP level 2. HP: 19/20 MP: 5/5
   653 | D:1      | Reached XP level 3. HP: 26/26 MP: 6/6
   919 | D:2      | Noticed Jessica
   923 | D:2      | Noticed Terence
   938 | D:2      | Killed Terence
   942 | D:2      | Killed Jessica
   942 | D:2      | Reached XP level 4. HP: 27/33 MP: 2/8
  1026 | D:2      | Noticed Natasha
  1034 | D:2      | Killed Natasha
  1238 | D:2      | Reached skill level 4 in Air Magic
  1328 | D:2      | Reached XP level 5. HP: 29/38 MP: 9/9
  1556 | D:2      | Noticed Natasha
  1569 | D:2      | Killed Natasha
  1579 | D:2      | Noticed Natasha
  1596 | D:2      | Killed Natasha
  1786 | D:2      | Learned a level 2 spell: Swiftness
  1816 | D:3      | Noticed Sigmund
  2203 | D:3      | Noticed galech's ghost (amateur GnWn)
  2217 | D:3      | Slain by a wight

Vault maps used:
D:1:      dpeg_arrival_connections, skrybe_limestone_x
D:2:      uniq_natasha, uniq_terence, uniq_jessica
D:3:      lemuel_castle_with_subvaults, minmay_door_square, uniq_sigmund

Skill      XL: |  1  2  3  4  5 |
---------------+----------------+-----
Conjurations   | 2 3 |  3.3
Spellcasting   | 3 |  3.6
Air Magic      | 4 |  4.4
Dodging        | |  1.7
Stealth        | |  1.7

Action                   |  1- 3 |  4- 6 || total
-------------------------+-------+-------++-------
Melee: Whip              |    58 |   118 ||   176
       Unarmed           |     8 |       ||     8
       Tailslap          |     8 |     7 ||    15
 Cast: Shock             |    13 |       ||    13
  Use: Scroll            |       |     2 ||     2
 Stab: Sleeping          |     2 |     2 ||     4
  Eat: Chunk             |       |     4 ||     4
Armor: Skin              |    17 |    40 ||    57
Dodge: Dodged            |    44 |    95 ||   139

Table legend:
 A = Spawn XP
 B = Non-spawn XP
 C = Spawn XP percentage of total XP
 D = Spawn monster count
 E = Non-spawn monster count
 F = Spawn count percentage of total count
 G = Total turns spent on level
                    A         B        C        D         E        F      G
               +---------+---------+-------+---------+---------+-------+---------
         Total |       0 |     331 |   0.0 |       0 |      63 |   0.0 |  2217
               +---------+---------+-------+---------+---------+-------+---------
           D:1 |       0 |      45 |   0.0 |       0 |      24 |   0.0 |   884
           D:2 |       0 |     242 |   0.0 |       0 |      27 |   0.0 |  1021
           D:3 |       0 |      44 |   0.0 |       0 |      12 |   0.0 |   312
               +---------+---------+-------+---------+---------+-------+---------
